[ AOE2 MATCH · #479519815 ]
UnrankedRomans vs Italians
[ REPLAY ANALYSIS · EXTRACTED FROM THE RECORDED GAME ]
Feudal
9:28
Castle
—
Imperial
—
| APM avg | 72.7 |
| APM peak | 91 |
| eAPM avg | 21.4 |
| Villagers / military | 39 / 14 |
Focus
⚔️ 13.0% · 🌾 87.0%
Scout Cavalry ×14
Feudal
11:41
Castle
—
Imperial
—
| APM avg | 29.4 |
| APM peak | 50 |
| eAPM avg | 12.4 |
| Villagers / military | 26 / 4 |
Focus
⚔️ 16.0% · 🌾 84.0%
Spearman ×4
Feudal
13:13
Castle
—
Imperial
—
| APM avg | 37.1 |
| APM peak | 73 |
| eAPM avg | 16.4 |
| Villagers / military | 31 / 5 |
Focus
⚔️ 17.6% · 🌾 82.4%
Archer ×5
Feudal
9:05
Castle
—
Imperial
—
| APM avg | 30.7 |
| APM peak | 59 |
| eAPM avg | 12.9 |
| Villagers / military | 31 / 5 |
Focus
⚔️ 23.2% · 🌾 76.8%
Scout Cavalry ×5
Feudal
11:24
Castle
14:04
Imperial
—
| APM avg | 22.8 |
| APM peak | 51 |
| eAPM avg | 10.6 |
| Villagers / military | 26 / 2 |
Focus
⚔️ 13.4% · 🌾 86.6%
Knight ×2
Feudal
9:41
Castle
—
Imperial
—
| APM avg | 44.1 |
| APM peak | 69 |
| eAPM avg | 16.6 |
| Villagers / military | 38 / 22 |
Focus
⚔️ 28.1% · 🌾 71.9%
Archer ×21 · Spearman ×1
Match map
Initial resources + every placement click. Lines = walls · curves = elevation contours. ◆ gold · ⬟ stone · ● berries · ✦ relic · ◌ wall gap
Your base· Open — opponent sealed themselves in
GerrolYoad's base· ✓ Closed at 13:54 · 0t walls · no gate
Hotel's base· ✓ Closed at 12:00 · 46t walls · 1 gate(s)
JAGR | Mazzei10's base· Open — opponent sealed themselves in
Soon's base· ✓ Closed at 14:04 · 0t walls · no gate
JAGR | BkB's base· Open — opponent sealed themselves in
Smoothed initial terrain · ◌ = detected wall gap · hover for details
Inputs per minute
— JAGR | juankof - - GerrolYoad
Build order — JAGR | juankof
85 actions detected in the replay
| 0:01 | Create | Villager (Male) |
| 0:01 | Create | Villager (Male) |
| 0:02 | Create | Villager (Male) |
| 0:04 | Build | House |
| 0:05 | Build | House |
| 0:21 | Create | Villager (Male) |
| 0:21 | Create | Villager (Male) |
| 1:35 | Create | Villager (Male) |
| 1:35 | Create | Villager (Male) |
| 2:03 | Build | Lumber Camp |
| 2:07 | Create | Villager (Male) |
| 2:07 | Create | Villager (Male) |
| 2:22 | Create | Villager (Male) |
| 2:58 | Create | Villager (Male) |
| 2:58 | Create | Villager (Male) |
| 3:47 | Create | Villager (Male) |
| 3:47 | Create | Villager (Male) |
| 3:52 | Build | House |
| 4:19 | Create | Villager (Male) |
| 4:19 | Create | Villager (Male) |
| 4:38 | Create | Villager (Male) |
| 4:38 | Create | Villager (Male) |
| 5:12 | Create | Villager (Male) |
| 5:27 | Create | Villager (Male) |
| 5:27 | Create | Villager (Male) |
| 5:27 | Create | Villager (Male) |
| 5:55 | Build | Mill |
| 6:19 | Research | Loom |
| 6:25 | Build | Barracks |
| 7:18 | Research | Feudal Age |
| 7:28 | Build | House |
| 7:29 | Build | House |
| 9:28 | Age | Feudal Age |
| 9:31 | Build | Stable |
| 9:53 | Build | Stable |
| 9:55 | Create | Villager (Male) |
| 9:55 | Create | Villager (Male) |
| 9:56 | Create | Villager (Male) |
| 10:42 | Build | Blacksmith |
| 10:44 | Create | Scout Cavalry |
| 10:44 | Create | Scout Cavalry |
| 10:45 | Create | Scout Cavalry |
| 10:45 | Create | Scout Cavalry |
| 10:45 | Create | Scout Cavalry |
| 10:45 | Create | Scout Cavalry |
| 10:46 | Create | Scout Cavalry |
| 10:46 | Create | Scout Cavalry |
| 11:08 | Create | Villager (Male) |
| 11:08 | Create | Villager (Male) |
| 11:27 | Research | Forging |
| 11:27 | Research | Forging |
| 11:41 | Create | Villager (Male) |
| 12:02 | Build | Farm |
| 12:03 | Build | Farm |
| 12:04 | Build | Farm |
| 12:05 | Build | Farm |
| 12:06 | Build | Farm |
| 12:09 | Build | House |
| 12:10 | Build | House |
| 12:26 | Create | Scout Cavalry |
| 12:35 | Build | Farm |
| 12:52 | Create | Villager (Male) |
| 12:53 | Create | Villager (Male) |
| 12:58 | Build | Farm |
| 13:16 | Build | Farm |
| 13:23 | Create | Villager (Male) |
| 13:23 | Create | Villager (Male) |
| 13:33 | Build | Farm |
| 13:34 | Build | Farm |
| 13:35 | Build | Farm |
| 14:12 | Create | Villager (Male) |
| 14:12 | Create | Villager (Male) |
| 14:31 | Create | Scout Cavalry |
| 14:31 | Create | Scout Cavalry |
| 14:31 | Create | Scout Cavalry |
| 15:02 | Create | Villager (Male) |
| 15:05 | Create | Scout Cavalry |
| 15:05 | Create | Scout Cavalry |
| 15:08 | Build | House |
| 15:10 | Build | House |
| 15:41 | Create | Villager (Male) |
| 15:41 | Create | Villager (Male) |
| 15:47 | Create | Villager (Male) |
| 15:47 | Create | Villager (Male) |
| 15:53 | Build | Mining Camp |
Build order — GerrolYoad
56 actions detected in the replay
| 0:00 | Create | Villager (Male) |
| 0:01 | Create | Villager (Male) |
| 0:01 | Create | Villager (Male) |
| 0:03 | Build | House |
| 0:04 | Build | House |
| 1:36 | Create | Villager (Male) |
| 1:37 | Create | Villager (Male) |
| 1:37 | Create | Villager (Male) |
| 2:05 | Build | Lumber Camp |
| 2:27 | Build | Lumber Camp |
| 2:31 | Create | Villager (Male) |
| 2:31 | Create | Villager (Male) |
| 2:32 | Create | Villager (Male) |
| 2:53 | Create | Villager (Male) |
| 3:13 | Create | Villager (Male) |
| 4:11 | Create | Villager (Male) |
| 4:11 | Create | Villager (Male) |
| 4:18 | Build | House |
| 4:20 | Build | House |
| 4:47 | Create | Villager (Male) |
| 4:55 | Build | Mill |
| 5:36 | Create | Villager (Male) |
| 5:36 | Create | Villager (Male) |
| 6:25 | Create | Villager (Male) |
| 6:25 | Create | Villager (Male) |
| 6:26 | Create | Villager (Male) |
| 7:51 | Create | Villager (Male) |
| 7:52 | Create | Villager (Male) |
| 7:52 | Create | Villager (Male) |
| 7:52 | Create | Villager (Male) |
| 8:46 | Build | Farm |
| 9:31 | Research | Feudal Age |
| 9:40 | Build | Mining Camp |
| 11:24 | Build | House |
| 11:25 | Build | House |
| 11:41 | Age | Feudal Age |
| 11:42 | Create | Villager (Male) |
| 11:42 | Create | Villager (Male) |
| 11:50 | Build | Barracks |
| 11:58 | Build | Blacksmith |
| 13:04 | Build | Market |
| 13:07 | Create | Villager (Male) |
| 13:51 | Build | Farm |
| 13:51 | Build | Farm |
| 13:51 | Build | Farm |
| 13:51 | Build | Farm |
| 13:52 | Build | Farm |
| 13:53 | Build | Farm |
| 13:54 | Research | Castle Age |
| 13:58 | Build | Archery Range |
| 14:00 | Research | Double-Bit Axe |
| 14:19 | Create | Spearman |
| 14:19 | Create | Spearman |
| 14:19 | Create | Spearman |
| 15:23 | Create | Spearman |
| 15:47 | Build | Mining Camp |
Build order — Hotel
75 actions detected in the replay
| 0:01 | Create | Villager (Male) |
| 0:02 | Create | Villager (Male) |
| 0:03 | Build | House |
| 0:04 | Build | House |
| 0:27 | Create | Villager (Male) |
| 0:28 | Create | Villager (Male) |
| 1:37 | Create | Villager (Male) |
| 1:53 | Build | Lumber Camp |
| 1:55 | Create | Villager (Male) |
| 2:50 | Create | Villager (Male) |
| 2:50 | Create | Villager (Male) |
| 3:18 | Create | Villager (Male) |
| 3:47 | Build | House |
| 4:05 | Create | Villager (Male) |
| 4:30 | Create | Villager (Male) |
| 4:31 | Create | Villager (Male) |
| 4:31 | Create | Villager (Male) |
| 5:21 | Create | Villager (Male) |
| 5:37 | Create | Villager (Male) |
| 6:17 | Research | Loom |
| 6:18 | Create | Villager (Male) |
| 6:31 | Create | Villager (Male) |
| 6:49 | Build | Palisade Wall |
| 6:53 | Create | Villager (Male) |
| 7:02 | Create | Villager (Male) |
| 7:03 | Build | House |
| 7:20 | Create | Villager (Male) |
| 7:29 | Build | Mill |
| 7:34 | Build | Palisade Wall |
| 7:36 | Create | Villager (Male) |
| 8:22 | Build | Farm |
| 8:24 | Build | Farm |
| 8:28 | Build | Farm |
| 9:28 | Build | Palisade Gate |
| 9:38 | Build | Palisade Wall |
| 9:45 | Create | Villager (Male) |
| 9:49 | Research | Feudal Age |
| 10:11 | Create | Villager (Male) |
| 10:38 | Create | Villager (Male) |
| 10:39 | Research | Feudal Age |
| 11:00 | Create | Villager (Male) |
| 11:02 | Build | House |
| 11:15 | Build | Palisade Wall |
| 11:18 | Create | Villager (Male) |
| 11:22 | Build | Farm |
| 11:38 | Build | Palisade Wall |
| 12:08 | Create | Villager (Male) |
| 12:11 | Build | House |
| 12:22 | Build | Barracks |
| 13:04 | Build | Mining Camp |
| 13:13 | Age | Feudal Age |
| 13:21 | Build | Archery Range |
| 13:22 | Build | Archery Range |
| 13:40 | Create | Villager (Male) |
| 13:41 | Create | Villager (Male) |
| 13:44 | Build | Farm |
| 13:47 | Research | Double-Bit Axe |
| 13:53 | Build | House |
| 14:09 | Create | Archer |
| 14:19 | Create | Archer |
| 14:23 | Build | House |
| 14:24 | Build | House |
| 14:27 | Build | Palisade Wall |
| 14:27 | Build | Palisade Wall |
| 14:28 | Build | Palisade Wall |
| 14:35 | Build | House |
| 14:42 | Build | Palisade Wall |
| 14:43 | Build | Palisade Wall |
| 14:43 | Build | Palisade Wall |
| 14:49 | Create | Archer |
| 15:03 | Build | Lumber Camp |
| 15:10 | Create | Villager (Male) |
| 15:10 | Create | Villager (Male) |
| 15:30 | Create | Archer |
| 15:43 | Create | Archer |
Build order — JAGR | Mazzei10
70 actions detected in the replay
| 0:01 | Create | Villager (Male) |
| 0:01 | Create | Villager (Male) |
| 0:01 | Create | Villager (Male) |
| 0:02 | Create | Villager (Male) |
| 0:03 | Build | House |
| 0:05 | Build | House |
| 1:39 | Create | Villager (Male) |
| 1:57 | Create | Villager (Male) |
| 2:17 | Create | Villager (Male) |
| 2:20 | Build | Lumber Camp |
| 2:57 | Create | Villager (Male) |
| 3:17 | Create | Villager (Male) |
| 3:35 | Create | Villager (Male) |
| 3:37 | Build | House |
| 4:19 | Create | Villager (Male) |
| 4:21 | Create | Villager (Male) |
| 4:21 | Create | Villager (Male) |
| 4:51 | Build | Mill |
| 5:07 | Create | Villager (Male) |
| 5:58 | Create | Villager (Male) |
| 6:30 | Research | Loom |
| 6:34 | Research | Feudal Age |
| 6:58 | Create | Villager (Male) |
| 6:59 | Create | Villager (Male) |
| 7:43 | Build | House |
| 8:17 | Build | Barracks |
| 8:35 | Create | Villager (Male) |
| 9:05 | Age | Feudal Age |
| 9:10 | Build | Stable |
| 9:13 | Build | House |
| 9:19 | Create | Villager (Male) |
| 10:01 | Create | Villager (Male) |
| 10:07 | Build | House |
| 10:13 | Create | Scout Cavalry |
| 10:13 | Create | Scout Cavalry |
| 10:15 | Create | Scout Cavalry |
| 10:17 | Create | Scout Cavalry |
| 10:33 | Create | Villager (Male) |
| 10:56 | Build | Blacksmith |
| 11:00 | Create | Villager (Male) |
| 11:13 | Build | Mining Camp |
| 11:20 | Create | Villager (Male) |
| 11:31 | Build | House |
| 11:40 | Create | Villager (Male) |
| 11:44 | Research | Scale Barding Armor |
| 12:10 | Build | Farm |
| 12:11 | Build | Farm |
| 12:11 | Build | Farm |
| 12:20 | Build | Farm |
| 12:23 | Create | Villager (Male) |
| 12:27 | Build | Farm |
| 12:29 | Build | Farm |
| 12:56 | Create | Scout Cavalry |
| 13:23 | Create | Villager (Male) |
| 13:34 | Build | Farm |
| 13:37 | Build | Farm |
| 13:44 | Build | Farm |
| 13:47 | Build | Farm |
| 13:48 | Build | Farm |
| 13:51 | Build | Farm |
| 13:53 | Create | Villager (Male) |
| 14:20 | Create | Villager (Male) |
| 14:38 | Create | Villager (Male) |
| 15:22 | Research | Bloodlines |
| 15:24 | Create | Villager (Male) |
| 15:31 | Build | House |
| 15:32 | Build | House |
| 15:33 | Build | House |
| 15:34 | Build | House |
| 15:39 | Create | Villager (Male) |
Build order — Soon
55 actions detected in the replay
| 0:01 | Create | Villager (Male) |
| 0:02 | Create | Villager (Male) |
| 0:03 | Build | House |
| 0:05 | Build | House |
| 0:21 | Create | Villager (Male) |
| 0:22 | Create | Villager (Male) |
| 0:22 | Create | Villager (Male) |
| 1:32 | Create | Villager (Male) |
| 1:55 | Build | Lumber Camp |
| 2:01 | Create | Villager (Male) |
| 2:01 | Create | Villager (Male) |
| 2:29 | Create | Villager (Male) |
| 2:48 | Create | Villager (Male) |
| 3:11 | Create | Villager (Male) |
| 3:31 | Build | House |
| 3:47 | Create | Villager (Male) |
| 3:54 | Build | Mill |
| 4:20 | Create | Villager (Male) |
| 4:32 | Create | Villager (Male) |
| 4:47 | Create | Villager (Male) |
| 5:23 | Create | Villager (Male) |
| 5:36 | Create | Villager (Male) |
| 5:39 | Build | House |
| 6:00 | Create | Villager (Male) |
| 6:33 | Create | Villager (Male) |
| 6:57 | Build | Mill |
| 7:19 | Create | Villager (Male) |
| 7:19 | Create | Villager (Male) |
| 7:19 | Create | Villager (Male) |
| 7:51 | Create | Villager (Male) |
| 8:06 | Build | Mining Camp |
| 8:07 | Create | Villager (Male) |
| 9:14 | Research | Feudal Age |
| 10:21 | Build | House |
| 11:12 | Build | Mining Camp |
| 11:24 | Age | Feudal Age |
| 11:25 | Research | Castle Age |
| 11:51 | Build | Stable |
| 12:05 | Research | Double-Bit Axe |
| 12:54 | Build | Farm |
| 12:55 | Build | Farm |
| 12:55 | Build | Farm |
| 13:36 | Build | Farm |
| 13:36 | Build | Farm |
| 13:36 | Build | Farm |
| 13:36 | Build | Farm |
| 13:37 | Build | Farm |
| 13:45 | Research | Bloodlines |
| 14:04 | Age | Castle Age |
| 14:09 | Research | Loom |
| 14:13 | Create | Knight |
| 15:10 | Create | Villager (Male) |
| 15:46 | Build | Farm |
| 15:48 | Create | Villager (Male) |
| 15:58 | Create | Knight |
Build order — JAGR | BkB
101 actions detected in the replay
| 0:01 | Create | Villager (Male) |
| 0:01 | Create | Villager (Male) |
| 0:02 | Build | House |
| 0:03 | Build | House |
| 0:06 | Create | Villager (Male) |
| 0:12 | Create | Villager (Male) |
| 1:24 | Create | Villager (Male) |
| 1:25 | Create | Villager (Male) |
| 1:45 | Create | Villager (Male) |
| 1:46 | Create | Villager (Male) |
| 1:47 | Build | Lumber Camp |
| 2:10 | Build | House |
| 2:11 | Build | House |
| 2:13 | Create | Villager (Male) |
| 2:14 | Create | Villager (Male) |
| 2:14 | Create | Villager (Male) |
| 2:51 | Create | Villager (Male) |
| 2:51 | Create | Villager (Male) |
| 3:24 | Create | Villager (Male) |
| 3:25 | Create | Villager (Male) |
| 3:55 | Create | Villager (Male) |
| 4:44 | Build | Mill |
| 4:46 | Create | Villager (Male) |
| 5:18 | Create | Villager (Male) |
| 5:42 | Create | Villager (Male) |
| 5:59 | Create | Villager (Male) |
| 6:27 | Build | Barracks |
| 6:30 | Create | Villager (Male) |
| 6:49 | Research | Loom |
| 6:49 | Research | Feudal Age |
| 7:22 | Build | Mining Camp |
| 7:57 | Build | Palisade Wall |
| 7:58 | Build | House |
| 8:20 | Build | House |
| 9:29 | Create | Villager (Male) |
| 9:41 | Age | Feudal Age |
| 9:44 | Build | Archery Range |
| 9:47 | Research | Double-Bit Axe |
| 9:56 | Create | Villager (Male) |
| 10:06 | Build | Blacksmith |
| 10:08 | Create | Villager (Male) |
| 10:11 | Build | House |
| 10:11 | Build | House |
| 10:37 | Create | Archer |
| 10:37 | Create | Archer |
| 10:37 | Create | Archer |
| 10:37 | Create | Archer |
| 10:42 | Create | Villager (Male) |
| 11:02 | Build | Archery Range |
| 11:10 | Create | Villager (Male) |
| 11:11 | Create | Villager (Male) |
| 11:25 | Create | Spearman |
| 11:35 | Build | Farm |
| 11:35 | Build | Farm |
| 11:36 | Create | Villager (Male) |
| 11:43 | Create | Archer |
| 11:44 | Create | Archer |
| 11:46 | Create | Villager (Male) |
| 11:53 | Build | House |
| 11:54 | Build | Palisade Wall |
| 11:58 | Create | Archer |
| 11:58 | Create | Archer |
| 12:00 | Research | Fletching |
| 12:02 | Create | Villager (Male) |
| 12:24 | Create | Archer |
| 12:25 | Create | Archer |
| 12:26 | Create | Villager (Male) |
| 12:29 | Build | House |
| 12:49 | Build | Farm |
| 12:58 | Create | Archer |
| 12:58 | Create | Archer |
| 13:07 | Build | House |
| 13:16 | Build | Farm |
| 13:22 | Create | Archer |
| 13:22 | Create | Archer |
| 13:24 | Create | Villager (Male) |
| 13:42 | Build | House |
| 13:47 | Build | Farm |
| 13:57 | Create | Villager (Male) |
| 14:05 | Build | Farm |
| 14:17 | Create | Archer |
| 14:18 | Create | Archer |
| 14:26 | Create | Villager (Male) |
| 14:33 | Create | Archer |
| 14:33 | Create | Archer |
| 14:56 | Create | Villager (Male) |
| 15:10 | Build | Lumber Camp |
| 15:15 | Build | Farm |
| 15:16 | Build | Farm |
| 15:18 | Create | Archer |
| 15:38 | Create | Villager (Male) |
| 15:42 | Build | Farm |
| 15:42 | Build | Farm |
| 15:42 | Build | Farm |
| 15:42 | Build | Farm |
| 15:56 | Create | Villager (Male) |
| 16:10 | Create | Archer |
| 16:10 | Create | Archer |
| 16:22 | Build | Farm |
| 16:23 | Build | Farm |
| 16:27 | Create | Villager (Male) |
Match timeline
| 6:25 | JAGR | juankof · first_building Barracks |
| 6:27 | JAGR | BkB · first_building Barracks |
| 6:49 | Hotel · wall_segment Palisade Wall x16 |
| 7:34 | Hotel · wall_segment Palisade Wall x6 |
| 7:57 | JAGR | BkB · wall_segment Palisade Wall x1 |
| 8:17 | JAGR | Mazzei10 · first_building Barracks |
| 9:05 | JAGR | Mazzei10 · age_up feudal |
| 9:10 | JAGR | Mazzei10 · first_building Stable |
| 9:28 | JAGR | juankof · age_up feudal |
| 9:31 | JAGR | juankof · first_building Stable |
| 9:38 | Hotel · wall_segment Palisade Wall x1 |
| 9:41 | JAGR | BkB · age_up feudal |
| 9:44 | JAGR | BkB · first_building Archery Range |
| 11:15 | Hotel · wall_segment Palisade Wall x1 |
| 11:24 | Soon · age_up feudal |
| 11:38 | Hotel · wall_segment Palisade Wall x22 |
| 11:41 | GerrolYoad · age_up feudal |
| 11:50 | GerrolYoad · first_building Barracks |
| 11:51 | Soon · first_building Stable |
| 11:54 | JAGR | BkB · wall_segment Palisade Wall x3 |
| 12:22 | Hotel · first_building Barracks |
| 13:13 | Hotel · age_up feudal |
| 13:21 | Hotel · first_building Archery Range |
| 13:58 | GerrolYoad · first_building Archery Range |
| 14:04 | Soon · age_up castle |
| 14:27 | Hotel · wall_segment Palisade Wall x1 |
| 14:27 | Hotel · wall_segment Palisade Wall x1 |
| 14:28 | Hotel · wall_segment Palisade Wall x1 |
| 14:42 | Hotel · wall_segment Palisade Wall x1 |
| 14:43 | Hotel · wall_segment Palisade Wall x1 |
| 14:43 | Hotel · wall_segment Palisade Wall x1 |
| 16:20 | Soon · resign |
[ AI ANALYSIS · 1 CREDIT ]
What really happened in this match?
Wolo.gg analyzes every decision: build order, eco, micro, common mistakes by bracket. Personalized analysis on WhatsApp or Discord in 30 seconds.
Civ guide
Romans
Perfil
Jugador #22844552